SA
BELLEVUE BRUINS @ WALLA WALLA WALLEYE
08/17/2029
 
TOP OF THE 1ST
Bellevue Bruins batting - Pitching for Walla Walla Walleye : LHP Rafael González
Pitching: LHP Rafael González
Batting: LHB Juan Romero 0-0: Called Strike
0-1: Swinging Strike
0-2: Ball
1-2: Ball
2-2: Ground out 5-3 (Groundball, 56)
Batting: RHB Ryan Faulkner 0-0: Called Strike
0-1: Fly out, F8 (Flyball, 8RM)
Batting: RHB Miguel Elías 0-0: Ball
1-0: Ball
2-0: Ball
3-0: Base on Balls
Batting: SHB Aurelio Jiménez 0-0: Foul Ball, location: 2F
0-1: Ball
1-1: Swinging Strike
1-2: Strikes out swinging
Top of the 1st over - 0 runs, 0 hits, 0 errors, 1 left on base; Bellevue 0 - Walla Walla 0
BOTTOM OF THE 1ST
Walla Walla Walleye batting - Pitching for Bellevue Bruins : RHP Loren Berdine
Pitching: RHP Loren Berdine
Batting: RHB Cody Jaeckel 0-0: Foul Ball, location: 2F
0-1: Ball
1-1: Ground out 6-3 (Groundball, 6)
Batting: RHB Harunobu Matsushita 0-0: Ball
1-0: Ball
2-0: Called Strike
2-1: Ball
3-1: Called Strike
3-2: Strikes out swinging
Batting: RHB Ramón Yniguez 0-0: Ball
1-0: Reached on error, E4 (Groundball, 4)
Batting: RHB Luis Delvalle 0-0: Ball
1-0: Ball
2-0: Swinging Strike
2-1: Foul Ball, location: 2F
2-2: Ball
3-2: Base on Balls
Batting: LHB Johan Kroening 0-0: Ground out 3-1 (Groundball, 34)
Bottom of the 1st over - 0 runs, 0 hits, 1 error, 2 left on base; Bellevue 0 - Walla Walla 0
TOP OF THE 2ND
Bellevue Bruins batting - Pitching for Walla Walla Walleye : LHP Rafael González
Batting: SHB Júlio Morín Jr. 0-0: SOLO HOME RUN (Flyball, 7D), Distance : 400 ft
Batting: SHB Paul Maddox 0-0: Called Strike
0-1: Foul Ball, location: 2F
0-2: Ball
1-2: Ball
2-2: Strikes out swinging
Batting: RHB Ramón Ramírez 0-0: Called Strike
0-1: Ground out 5-3 (Groundball, 56)
Batting: LHB Domingo Colón 0-0: Ball
1-0: Foul Ball, location: 2F
1-1: Called Strike
1-2: SINGLE (Groundball, 15S) (infield hit)
Batting: RHB Dennis Shaw 0-0: Called Strike
0-1: Ball
Domingo Colón steals 2nd base
1-1: SINGLE (Line Drive, 8RS)
Domingo Colón to third
Runner from 3rd tries for Home, SAFE, no throw
Batting: LHB Juan Romero 0-0: Called Strike
0-1: Ball
1-1: Foul Ball, location: 2F
1-2: Strikes out swinging
Top of the 2nd over - 2 runs, 3 hits, 0 errors, 1 left on base; Bellevue 2 - Walla Walla 0
BOTTOM OF THE 2ND
Walla Walla Walleye batting - Pitching for Bellevue Bruins : RHP Loren Berdine
Batting: RHB José de la Cavallería 0-0: SINGLE (Flyball, 7S)
Batting: RHB Corey Hines 0-0: Ball
1-0: Called Strike
1-1: Called Strike
1-2: Ball
2-2: Strikes out looking
Batting: RHB Shuichi Saito 0-0: Called Strike
0-1: Foul Ball, location: 2F
0-2: Ball
1-2: Strikes out looking
Batting: LHB Mo Eayrs 0-0: Ball
1-0: Swinging Strike
1-1: Foul Ball, location: 2F
1-2: Ball
2-2: Ball
3-2: Fly out, F7 (Line Drive, 78M)
Bottom of the 2nd over - 0 runs, 1 hit, 0 errors, 1 left on base; Bellevue 2 - Walla Walla 0
TOP OF THE 3RD
Bellevue Bruins batting - Pitching for Walla Walla Walleye : LHP Rafael González
Batting: RHB Ryan Faulkner 0-0: Called Strike
0-1: Ball
1-1: Swinging Strike
1-2: Foul Ball, location: 2F
1-2: Foul Ball, location: 2F
1-2: Foul Ball, location: 2F
1-2: Strikes out swinging
Batting: RHB Miguel Elías 0-0: Called Strike
0-1: Swinging Strike
0-2: Ball
1-2: Strikes out swinging
Batting: SHB Aurelio Jiménez 0-0: Foul Ball, location: 2F
0-1: Ball
1-1: Swinging Strike
1-2: SOLO HOME RUN (Flyball, 9LD), Distance : 376 ft
Batting: SHB Júlio Morín Jr. 0-0: Called Strike
0-1: Ball
1-1: Swinging Strike
1-2: TRIPLE (Line Drive, 8RXD)
Batting: SHB Paul Maddox 0-0: Ground out 5-3 (Groundball, 56)
Top of the 3rd over - 1 run, 2 hits, 0 errors, 1 left on base; Bellevue 3 - Walla Walla 0
BOTTOM OF THE 3RD
Walla Walla Walleye batting - Pitching for Bellevue Bruins : RHP Loren Berdine
Batting: RHB Cody Jaeckel 0-0: Fly out, F7 (Flyball, 7S)
Batting: RHB Harunobu Matsushita 0-0: Reached on error, E7 (Flyball, 7S)
Batting: RHB Ramón Yniguez 0-0: Called Strike
0-1: Ball
1-1: Ball
2-1: Foul Ball, location: 2F
2-2: Foul Ball, location: 2F
2-2: Foul Ball, location: 2F
2-2: Foul Ball, location: 2F
2-2: DOUBLE (Groundball, 5L)
Harunobu Matsushita to third
Runner from 3rd tries for Home, SAFE, no throw
Batting: RHB Luis Delvalle 0-0: Ball
1-0: Foul Ball, location: 2F
1-1: Swinging Strike
1-2: Ball
2-2: Strikes out looking
Batting: LHB Johan Kroening 0-0: Called Strike
0-1: Swinging Strike
0-2: Foul Ball, location: 2F
0-2: Foul Ball, location: 2F
0-2: Foul Ball, location: 2F
0-2: Ball
1-2: Ball
2-2: Ball
3-2: Foul Ball, location: 2F
3-2: Foul Ball, location: 2F
3-2: Base on Balls
Batting: RHB José de la Cavallería 0-0: Fly out, F8 (Flyball, 8LM)
Bottom of the 3rd over - 1 run, 1 hit, 1 error, 2 left on base; Bellevue 3 - Walla Walla 1
TOP OF THE 4TH
Bellevue Bruins batting - Pitching for Walla Walla Walleye : LHP Rafael González
Batting: RHB Ramón Ramírez 0-0: SINGLE (Groundball, 56D)
Batting: LHB Domingo Colón 0-0: Swinging Strike
0-1: Ball
1-1: Foul Ball, location: 2F
1-2: Strikes out looking
Batting: RHB Dennis Shaw 0-0: Called Strike
0-1: Fly out, F9 (Flyball, 9LS)
Batting: LHB Juan Romero 0-0: DOUBLE (Flyball, 7LD)
Ramón Ramírez to third
Batting: RHB Ryan Faulkner 0-0: Ball
1-0: Ball
2-0: Called Strike
2-1: Ball
3-1: Foul Ball, location: 2F
3-2: Strikes out looking
Top of the 4th over - 0 runs, 2 hits, 0 errors, 2 left on base; Bellevue 3 - Walla Walla 1
BOTTOM OF THE 4TH
Walla Walla Walleye batting - Pitching for Bellevue Bruins : RHP Loren Berdine
Batting: RHB Corey Hines 0-0: Ball
1-0: Ball
2-0: Ball
3-0: Called Strike
3-1: Base on Balls
Batting: RHB Shuichi Saito 0-0: Fly out, F7 (Line Drive, 78D)
Batting: LHB Mo Eayrs 0-0: Swinging Strike
Passed Ball!
Corey Hines to second
0-1: Swinging Strike
0-2: Fly out, F8 (Flyball, 8RM)
Batting: RHB Cody Jaeckel 0-0: Called Strike
0-1: Foul Ball, location: 2F
0-2: Ball
1-2: Ball
2-2: Foul Ball, location: 2F
2-2: Ball
3-2: Base on Balls
Batting: RHB Harunobu Matsushita 0-0: Ball
1-0: Ball
2-0: Ball
3-0: Base on Balls
Corey Hines to third
Cody Jaeckel to second
Batting: RHB Ramón Yniguez 0-0: Called Strike
0-1: Ball
1-1: Ground out U3 (Groundball, 34)
Bottom of the 4th over - 0 runs, 0 hits, 0 errors, 3 left on base; Bellevue 3 - Walla Walla 1
TOP OF THE 5TH
Bellevue Bruins batting - Pitching for Walla Walla Walleye : LHP Rafael González
Batting: RHB Miguel Elías 0-0: Ball
1-0: Swinging Strike
1-1: Called Strike
1-2: Foul Ball, location: 2F
1-2: Ball
2-2: Ball
3-2: SINGLE (Groundball, 15) (infield hit)
Batting: SHB Aurelio Jiménez 0-0: Foul Ball, location: 2F
0-1: Fly out, F8 (Line Drive, 8RM)
Batting: SHB Júlio Morín Jr. 0-0: SINGLE (Groundball, 6D)
Miguel Elías to second
Batting: SHB Paul Maddox 0-0: Foul Ball, location: 2F
0-1: Ball
Passed Ball!
Miguel Elías to third
Júlio Morín Jr. to second
1-1: Foul Ball, location: 2F
1-2: Foul Ball, location: 2F
1-2: Foul Ball, location: 2F
1-2: Strikes out swinging
Batting: RHB Ramón Ramírez 0-0: Ball
1-0: Foul Ball, location: 2F
1-1: Ball
2-1: Foul Ball, location: 2F
2-2: Ball
3-2: Foul Ball, location: 2F
3-2: Strikes out looking
Top of the 5th over - 0 runs, 2 hits, 0 errors, 2 left on base; Bellevue 3 - Walla Walla 1
BOTTOM OF THE 5TH
Walla Walla Walleye batting - Pitching for Bellevue Bruins : RHP Loren Berdine
Batting: RHB Luis Delvalle 0-0: Ball
1-0: Called Strike
1-1: Ball
2-1: Called Strike
2-2: DOUBLE (Line Drive, 9LS) - OUT at third base trying to stretch hit.
Batting: LHB Johan Kroening 0-0: Ball
1-0: Foul Ball, location: 2F
1-1: Swinging Strike
1-2: Foul Ball, location: 2F
1-2: Ball
2-2: Ball
3-2: Foul Ball, location: 2F
3-2: Foul Ball, location: 2F
3-2: Foul Ball, location: 2F
3-2: Foul Ball, location: 2F
3-2: Base on Balls
Batting: RHB José de la Cavallería 0-0: Ball
1-0: Fly out, F9 (Flyball, 89S)
Batting: RHB Corey Hines 0-0: Ball
1-0: Fly out, F5 (Line Drive, 56)
Bottom of the 5th over - 0 runs, 1 hit, 0 errors, 1 left on base; Bellevue 3 - Walla Walla 1
TOP OF THE 6TH
Bellevue Bruins batting - Pitching for Walla Walla Walleye : LHP Rafael González
Batting: LHB Domingo Colón 0-0: Called Strike
0-1: Ball
1-1: Ball
2-1: Foul Ball, location: 2F
2-2: Strikes out looking
Batting: RHB Dennis Shaw 0-0: Swinging Strike
0-1: Foul Ball, location: 2F
0-2: Strikes out swinging
Batting: LHB Juan Romero 0-0: Ball
1-0: Swinging Strike
1-1: Ball
2-1: Foul Ball, location: 2F
2-2: Strikes out looking
Top of the 6th over - 0 runs, 0 hits, 0 errors, 0 left on base; Bellevue 3 - Walla Walla 1
BOTTOM OF THE 6TH
Walla Walla Walleye batting - Pitching for Bellevue Bruins : RHP Loren Berdine
Batting: RHB Shuichi Saito 0-0: Called Strike
0-1: Ball
1-1: SINGLE (Line Drive, 8LS)
Pitching: RHP Jin Kwon
Batting: LHB Mo Eayrs 0-0: Called Strike
0-1: Sac Bunt - play at second, runner OUT! 3-6
Batting: RHB Cody Jaeckel 0-0: Called Strike
0-1: Swinging Strike
0-2: Ball
1-2: Foul Ball, location: 2F
1-2: Foul Ball, location: 2F
1-2: Fly out, F6 (Popup, 6MS)
Batting: RHB Harunobu Matsushita 0-0: Called Strike
0-1: Swinging Strike
0-2: Reached on error, E7 (Flyball, 78S)
Mo Eayrs to third
Batting: RHB Ramón Yniguez 0-0: Called Strike
0-1: Ball
1-1: Foul Ball, location: 2F
1-2: Foul Ball, location: 2F
1-2: Foul Ball, location: 2F
1-2: Ball
2-2: SINGLE (Groundball, 4MD)
Mo Eayrs scores
Harunobu Matsushita to third
Runner from 3rd tries for Home, SAFE, no throw
Batting: RHB Luis Delvalle 0-0: Swinging Strike
0-1: Foul Ball, location: 2F
0-2: Foul Ball, location: 2F
0-2: Strikes out swinging
Bottom of the 6th over - 2 runs, 2 hits, 1 error, 1 left on base; Bellevue 3 - Walla Walla 3
TOP OF THE 7TH
Bellevue Bruins batting - Pitching for Walla Walla Walleye : LHP Rafael González
Pitching: LHP Quan Shiu
Batting: RHB Ryan Faulkner 0-0: SINGLE (Groundball, 6MD)
Batting: RHB Miguel Elías 0-0: Ball
1-0: Called Strike
1-1: Swinging Strike
Ryan Faulkner is caught stealing 2nd base
1-2: Strikes out looking
Batting: SHB Aurelio Jiménez 0-0: Ground out 6-3 (Groundball, 6)
Top of the 7th over - 0 runs, 1 hit, 0 errors, 0 left on base; Bellevue 3 - Walla Walla 3
BOTTOM OF THE 7TH
Walla Walla Walleye batting - Pitching for Bellevue Bruins : RHP Jin Kwon
Batting: LHB Johan Kroening 0-0: Fly out, F7 (Flyball, 7D)
Batting: RHB José de la Cavallería 0-0: Ball
1-0: Swinging Strike
1-1: Foul Ball, location: 2F
1-2: Foul Ball, location: 2F
1-2: Strikes out looking
Pinch Hitting: RHB Jimmy Fick 0-0: Called Strike
0-1: Ball
1-1: Swinging Strike
1-2: Foul Ball, location: 2F
1-2: Hit by Pitch
Batting: RHB Shuichi Saito 0-0: Fly out, F8 (Line Drive, 78M)
Bottom of the 7th over - 0 runs, 0 hits, 0 errors, 1 left on base; Bellevue 3 - Walla Walla 3
TOP OF THE 8TH
Bellevue Bruins batting - Pitching for Walla Walla Walleye : LHP Quan Shiu
Now at SS: Rex Criscuolo
Batting: SHB Júlio Morín Jr. 0-0: Called Strike
0-1: Called Strike
0-2: Ball
1-2: Ball
2-2: Strikes out swinging
Pinch Hitting: SHB Jorge Ayala 0-0: Ball
1-0: Ball
2-0: Ball
3-0: Base on Balls
Batting: RHB Ramón Ramírez 0-0: Ball
1-0: Ball
2-0: Fielders Choice at 2nd, 1-6 (Groundball, P)
Pinch Hitting: LHB Atro Jarvilehto 0-0: Ball
Wild Pitch!
Ramón Ramírez to second
1-0: Ball
2-0: Ball
3-0: Called Strike
3-1: Foul Ball, location: 2F
3-2: Base on Balls
Batting: RHB Dennis Shaw 0-0: Foul Ball, location: 2F
0-1: Ball
1-1: Ball
2-1: Called Strike
2-2: Ball
3-2: Foul Ball, location: 2F
3-2: Strikes out looking
Top of the 8th over - 0 runs, 0 hits, 0 errors, 2 left on base; Bellevue 3 - Walla Walla 3
BOTTOM OF THE 8TH
Walla Walla Walleye batting - Pitching for Bellevue Bruins : RHP Jin Kwon
Now at 2B: Félix Sánchez
Now in RF: Jorge Ayala
Pinch Hitting: SHB Raúl Mateo 0-0: Ball
1-0: Fly out, F8 (Flyball, 89M)
Batting: RHB Cody Jaeckel 0-0: Called Strike
0-1: DOUBLE (Flyball, 8LD)
Batting: RHB Harunobu Matsushita 0-0: Foul Ball, location: 2F
0-1: Foul Ball, location: 2F
0-2: Ball
1-2: Strikes out swinging
Batting: RHB Ramón Yniguez 0-0: Ball
1-0: Ball
2-0: Ground out 1-3 (Groundball, 15)
Bottom of the 8th over - 0 runs, 1 hit, 0 errors, 1 left on base; Bellevue 3 - Walla Walla 3
TOP OF THE 9TH
Bellevue Bruins batting - Pitching for Walla Walla Walleye : LHP Quan Shiu
Now at SS: Raúl Mateo
Pinch Hitting: RHB Sergio Hernández 0-0: Ball
1-0: Called Strike
1-1: Ball
2-1: Ball
3-1: Foul Ball, location: 2F
3-2: Fly out, F8 (Line Drive, 8RD)
Batting: RHB Ryan Faulkner 0-0: Called Strike
0-1: Ball
1-1: Foul Ball, location: 2F
1-2: Foul Ball, location: 2F
1-2: Strikes out swinging
Batting: RHB Miguel Elías 0-0: Ball
1-0: SINGLE (Line Drive, 89S)
Pinch Runner at 1st Carlos Cruz:
Batting: SHB Aurelio Jiménez 0-0: Ball
1-0: Called Strike
Carlos Cruz is caught stealing 2nd base
Top of the 9th over - 0 runs, 1 hit, 0 errors, 0 left on base; Bellevue 3 - Walla Walla 3
BOTTOM OF THE 9TH
Walla Walla Walleye batting - Pitching for Bellevue Bruins : RHP Jin Kwon
Pitching: RHP Brendan Haataja
Now at SS: Carlos Cruz
Now in LF: Sergio Hernández
Batting: RHB Luis Delvalle 0-0: Called Strike
0-1: Foul Ball, location: 2F
0-2: Foul Ball, location: 2F
0-2: Strikes out swinging
Batting: LHB Johan Kroening 0-0: Called Strike
0-1: Ball
1-1: Swinging Strike
1-2: Strikes out looking
Batting: RHB José de la Cavallería 0-0: Called Strike
0-1: Ball
1-1: Ball
2-1: DOUBLE (Line Drive, 78XD)
Batting: RHB Rex Criscuolo 0-0: Swinging Strike
0-1: Ball
1-1: Foul Ball, location: 2F
1-2: Strikes out swinging
Bottom of the 9th over - 0 runs, 1 hit, 0 errors, 1 left on base; Bellevue 3 - Walla Walla 3
TOP OF THE 10TH
Bellevue Bruins batting - Pitching for Walla Walla Walleye : LHP Quan Shiu
Batting: SHB Aurelio Jiménez 0-0: Ball
1-0: Ball
2-0: Ball
3-0: Base on Balls
Batting: SHB Júlio Morín Jr. 0-0: Called Strike
0-1: Ball
1-1: Grounds into double play, 6-4-3 (Groundball, 6)
Batting: SHB Jorge Ayala 0-0: Ground out 4-3 (Groundball, 4M)
Top of the 10th over - 0 runs, 0 hits, 0 errors, 0 left on base; Bellevue 3 - Walla Walla 3
BOTTOM OF THE 10TH
Walla Walla Walleye batting - Pitching for Bellevue Bruins : RHP Brendan Haataja
Batting: RHB Shuichi Saito 0-0: Called Strike
0-1: Called Strike
0-2: Ball
1-2: Strikes out looking
Batting: SHB Raúl Mateo 0-0: Foul Ball, location: 2F
0-1: Ball
1-1: Ball
2-1: Ground out U3 (Groundball, 3)
Batting: RHB Cody Jaeckel 0-0: Called Strike
0-1: Foul Ball, location: 2F
0-2: Foul Ball, location: 2F
0-2: Strikes out swinging
Bottom of the 10th over - 0 runs, 0 hits, 0 errors, 0 left on base; Bellevue 3 - Walla Walla 3
TOP OF THE 11TH
Bellevue Bruins batting - Pitching for Walla Walla Walleye : LHP Quan Shiu
Batting: RHB Ramón Ramírez 0-0: Swinging Strike
0-1: Swinging Strike
0-2: Ball
1-2: Foul Ball, location: 2F
1-2: Foul Ball, location: 2F
1-2: Foul Ball, location: 2F
1-2: Ball
2-2: Strikes out swinging
Pinch Hitting: LHB Lorenzo Díaz 0-0: Ball
1-0: Ball
2-0: Ball
3-0: Base on Balls
Pitching: LHP Miguel López
Batting: RHB Dennis Shaw 0-0: Ball
1-0: Foul Ball, location: 2F
1-1: Swinging Strike
1-2: Strikes out swinging
Batting: RHB Sergio Hernández 0-0: Ground out 4-3 (Groundball, 4M)
Top of the 11th over - 0 runs, 0 hits, 0 errors, 1 left on base; Bellevue 3 - Walla Walla 3
BOTTOM OF THE 11TH
Walla Walla Walleye batting - Pitching for Bellevue Bruins : RHP Brendan Haataja
Pitching: LHP Christian Clayton
Now at 2B: David Muller
Batting: RHB Harunobu Matsushita 0-0: Ball
1-0: Called Strike
1-1: Ball
2-1: Foul Ball, location: 2F
2-2: Ball
3-2: Base on Balls
Batting: RHB Ramón Yniguez 0-0: Called Strike
0-1: Called Strike
0-2: Strikes out swinging
Batting: RHB Luis Delvalle 0-0: SINGLE (Line Drive, 6)
Harunobu Matsushita to second
Pinch Hitting: RHB Leonardo Medina 0-0: Called Strike
0-1: Grounds into double play, 6-4-3 (Groundball, 6)
Bottom of the 11th over - 0 runs, 1 hit, 0 errors, 1 left on base; Bellevue 3 - Walla Walla 3
TOP OF THE 12TH
Bellevue Bruins batting - Pitching for Walla Walla Walleye : LHP Miguel López
Now in LF: Leonardo Medina
Batting: RHB Ryan Faulkner 0-0: Foul Ball, location: 2F
0-1: Hit by Pitch
Batting: RHB Carlos Cruz 0-0: Called Strike
0-1: Swinging Strike
0-2: Foul Ball, location: 2F
0-2: Ball
1-2: Foul Ball, location: 2F
1-2: Strikes out swinging
Batting: SHB Aurelio Jiménez 0-0: Swinging Strike
0-1: Ball
1-1: Ball
2-1: Foul Ball, location: 2F
2-2: Ball
3-2: Base on Balls
Ryan Faulkner to second
Batting: SHB Júlio Morín Jr. 0-0: Swinging Strike
0-1: Hit by Pitch
Ryan Faulkner to third
Aurelio Jiménez to second
Batting: SHB Jorge Ayala 0-0: Ball
1-0: Ball
2-0: Called Strike
2-1: Swinging Strike
2-2: Ball
3-2: Foul Ball, location: 2F
3-2: Strikes out swinging
Batting: RHB Ramón Ramírez 0-0: Ball
1-0: Called Strike
1-1: Called Strike
1-2: Fly out, F5 (Line Drive, 5)
Top of the 12th over - 0 runs, 0 hits, 0 errors, 3 left on base; Bellevue 3 - Walla Walla 3
BOTTOM OF THE 12TH
Walla Walla Walleye batting - Pitching for Bellevue Bruins : LHP Christian Clayton
Batting: RHB José de la Cavallería 0-0: Fly out, F9 (Flyball, 9S)
Batting: RHB Rex Criscuolo 0-0: Called Strike
0-1: Foul Ball, location: 2F
0-2: Strikes out looking
Batting: RHB Shuichi Saito 0-0: SINGLE (Groundball, 56) (infield hit)
Batting: SHB Raúl Mateo 0-0: Called Strike
0-1: Ball
1-1: Ground out 1-3 (Groundball, 13)
Bottom of the 12th over - 0 runs, 1 hit, 0 errors, 1 left on base; Bellevue 3 - Walla Walla 3
TOP OF THE 13TH
Bellevue Bruins batting - Pitching for Walla Walla Walleye : LHP Miguel López
Batting: LHB David Muller 0-0: Ball
1-0: Ground out 1-3 (Groundball, 13S)
Batting: RHB Dennis Shaw 0-0: Called Strike
0-1: Ball
1-1: Ball
2-1: Ball
3-1: Called Strike
3-2: Strikes out swinging
Batting: RHB Sergio Hernández 0-0: Called Strike
0-1: Foul Ball, location: 2F
0-2: SINGLE (Groundball, 6MD)
Batting: RHB Ryan Faulkner 0-0: Swinging Strike
0-1: Swinging Strike
0-2: Foul Ball, location: 2F
0-2: Ball
1-2: Ball
2-2: Ball
3-2: Foul Ball, location: 2F
3-2: Foul Ball, location: 2F
3-2: Strikes out swinging
Top of the 13th over - 0 runs, 1 hit, 0 errors, 1 left on base; Bellevue 3 - Walla Walla 3
BOTTOM OF THE 13TH
Walla Walla Walleye batting - Pitching for Bellevue Bruins : LHP Christian Clayton
Batting: RHB Cody Jaeckel 0-0: Ball
1-0: Fly out, F7 (Flyball, 7S)
Batting: RHB Harunobu Matsushita 0-0: Called Strike
0-1: Ball
1-1: Ball
2-1: Ball
3-1: Called Strike
3-2: Base on Balls
Batting: RHB Ramón Yniguez 0-0: Foul Ball, location: 2F
0-1: Called Strike
0-2: Foul Ball, location: 2F
0-2: Ball
Harunobu Matsushita is caught stealing 2nd base
1-2: Strikes out looking
Bottom of the 13th over - 0 runs, 0 hits, 0 errors, 0 left on base; Bellevue 3 - Walla Walla 3
TOP OF THE 14TH
Bellevue Bruins batting - Pitching for Walla Walla Walleye : LHP Miguel López
Pitching: RHP José Marín
Batting: RHB Carlos Cruz 0-0: Called Strike
0-1: Ball
1-1: Reached on error, E4 (Groundball, 4M)
Batting: SHB Aurelio Jiménez 0-0: Ball
1-0: Ball
2-0: DOUBLE (Groundball, 3L)
Carlos Cruz to third
Batting: SHB Júlio Morín Jr. 0-0: Intentional Walk
Batting: SHB Jorge Ayala 0-0: Ball
1-0: Ball
2-0: Called Strike
2-1: Ball
3-1: Base on Balls
Carlos Cruz scores
Aurelio Jiménez to third
Júlio Morín Jr. to second
Batting: RHB Ramón Ramírez 0-0: Foul Ball, location: 2F
0-1: Called Strike
0-2: Ball
1-2: Ball
2-2: Ball
3-2: Grounds into fielders choice 6-2 (Groundball, 6)
Júlio Morín Jr. to third
Jorge Ayala to second
Batting: LHB David Muller 0-0: Grounds into double play, 4-2-3 (Groundball, 4)
Top of the 14th over - 1 run, 1 hit, 1 error, 2 left on base; Bellevue 4 - Walla Walla 3
BOTTOM OF THE 14TH
Walla Walla Walleye batting - Pitching for Bellevue Bruins : LHP Christian Clayton
Batting: RHB Luis Delvalle 0-0: Ball
1-0: Ball
2-0: Ball
3-0: Called Strike
3-1: Called Strike
3-2: Base on Balls
Batting: RHB Leonardo Medina 0-0: Foul Ball, location: 2F
0-1: Foul Ball, location: 2F
0-2: Foul Ball, location: 2F
0-2: Ball
1-2: Ball
2-2: Strikes out swinging
Batting: RHB José de la Cavallería 0-0: Ball
1-0: Ball
2-0: SINGLE (Flyball, 8LS)
Luis Delvalle to second
Runner from 2nd tries for 3rd, SAFE, no throw
Batting: RHB Rex Criscuolo 0-0: Foul Ball, location: 2F
0-1: Foul Ball, location: 2F
0-2: Strikes out looking
Batting: RHB Shuichi Saito 0-0: Fielders Choice at 2nd, 6-4 (Groundball, 6)
Bottom of the 14th over - 0 runs, 1 hit, 0 errors, 2 left on base; Bellevue 4 - Walla Walla 3
Tuesday, December 19th, 2017 - OOTP Baseball 18.8 Build 76